 Dungeon Crawl Stone Soup version 0.30-a0-883-g5ad918d77d (webtiles) character file.

Game seed: 12101692299064261404

1107 Mickster the Chopper (level 7, 0/58 (60) HPs)
             Began as a Demigod Fighter on Mar 16, 2023.
             Slain by a wight
             ... wielding a +2 flail
              (7 damage)
             ... on level 6 of the Dungeon.
             The game lasted 00:38:25 (3308 turns).

Mickster the Chopper (Demigod Fighter)              Turns: 3308, Time: 00:38:25

HP:   0/58 (60)     AC: 12    Str: 21    XL:     7   Next: 86%
MP:   9/9           EV:  8    Int: 10    God:
Gold: 177           SH: 10    Dex: 17    Spells: 6/6 levels left

rFire   + . .      SeeInvis .    v - +5 broad axe (heavy)
rCold   . . .      Faith    .    c - +0 buckler
rNeg    . . .      Spirit   .    p - +2 chain mail {rF+}
rPois   .          Reflect  +    (no helmet)
rElec   .          Rampage  .    (no cloak)
rCorr   +                        h - +0 pair of gloves
Will    .....                    (no boots) Stlth
                                 m - amulet of reflection
HPRegen 0.29/turn                b - ring of resist corrosion
MPRegen 0.11/turn                (no ring)

@: lightly drained
A: high MP 1, forlorn, divine attributes
a: no special abilities


You were on level 6 of the Dungeon.
You visited 1 branch of the dungeon, and saw 6 of its levels.

You collected 177 gold pieces.

Inventory:

Hand Weapons
 a - a +2 war axe
 d - a +0 flail of protection
 e - a +0 sling
 g - a +2 dagger of holy wrath
 k - a +0 rapier
 v - a +5 heavy broad axe (weapon)
 x - a +0 shortbow
 y - a +0 scimitar
Missiles
 q - 26 stones
 s - 2 throwing nets
 z - 5 poisoned darts (quivered)
Armour
 c - a +0 buckler (worn)
 h - a +0 pair of gloves (worn)
 p - a +2 chain mail of fire resistance (worn)
Jewellery
 b - a ring of resist corrosion (left hand)
 f - an amulet of regeneration
 l - an amulet of the acrobat
 m - an amulet of reflection (around neck)
Wands
 t - a wand of flame (10)
Scrolls
 n - 8 scrolls of identify
 o - a scroll of teleportation
Potions
 i - a potion of heal wounds
 u - a potion of flight


   Skills:
 * Level 4.5 Fighting
 * Level 6.0 Axes
 * Level 1.6 Throwing
 + Level 3.7 Armour
 * Level 2.4 Dodging
 + Level 0.3 Stealth
 * Level 4.1 Shields


You had 6 spell levels left.
You didn't know any spells.
Your spell library contained the following spells:

 Spells                   Type           Power      Damage    Failure   Level
 Blink                    Tloc           0%         N/A       100%        2
 Lesser Beckoning         Tloc           0%         N/A       100%        2
 Momentum Strike          Conj/Tloc      0%         3d8       100%        2


Dungeon Overview and Level Annotations

Branches:
Dungeon (6/15)
 Temple: D:4-7


Innate Abilities, Weirdness & Mutations

You have an increased reservoir of magic. (+10% MP)
You shall have no god before yourself.
Your divine heritage dramatically boosts your attributes as you level up.


Message History

Found a glowing ruby ring and a leather armour.
Found a stone staircase leading up.
b - a ring of resist corrosion
There are no items here.
b - a ring of resist corrosion (left hand)
Found a club.
Found a book of Spatial Translocations.
A wight comes into view.
It is wielding a +0 battleaxe. 3 wights come into view.
You closely miss the wight. You block the wight's attack.
The wight hits you with a +0 battleaxe!
You completely miss the wight. You slash the wight!
The wight barely misses you. The wight hits you with a +0 war axe.
You feel drained. The wight hits you with a +0 war axe!
You barely miss the wight. You slash the wight!
The wight hits you with a +0 war axe. The wight closely misses you.
You block the wight's attack.
You barely miss the wight. You hit the wight.
You destroy the wight!
The wight hits you with a +0 scimitar!
You feel drained. You block the wight's attack.
The wight hits you with a +0 battleaxe.
* * * LOW HITPOINT WARNING * * *
You feel drained.
* * * LOW HITPOINT WARNING * * *
Your Axes skill increases to level 6!
You feel better. You block the wight's attack.
The wight hits you with a +0 battleaxe!
* * * LOW HITPOINT WARNING * * *
You feel much better. You block the wight's attack.
The wight hits you with a +0 battleaxe.
You slice the wight!!
You destroy the wight!
You barely miss the wight. The wight hits you with a +0 battleaxe!
* * * LOW HITPOINT WARNING * * *
You feel drained.
* * * LOW HITPOINT WARNING * * *
You block the wight's attack.
You completely miss the wight. x2; The wight barely misses you.
The wight hits you with a +2 flail!
You die...

### ..# #.# #.#
###.#
#...###########
#@..........#
#.zz##.####.#.#
##:###.# #.#.#
#. #.# #.#.# #.
#.# #)#<# #.
#.# #.#.# ..
#.# #.#.# ##
#.# #.#.# [..


You could see 2 wights.

Vanquished Creatures
  Eustachio (D:5)
  Edmund (D:5)
  2 black bears
  A centaur (D:5)
  A phantom (D:5)
  A scorpion (D:5)
  2 wights (D:6)
  A hound (D:5)
  3 iguanas (D:5)
  3 sleepcaps
  4 gnolls (D:5)
  6 adders
  An ufetubus (D:5)
  2 worms
  A dart slug (D:5)
  2 orcs
  7 endoplasms
  2 giant cockroaches
  4 goblins
  3 hobgoblins
  2 jackals (D:1)
  5 kobolds
  7 quokkas
  6 ball pythons
  3 bats
  3 frilled lizards
  3 rats
  A bush (D:5)
78 creatures vanquished.

Notes
Turn   | Place    | Note
-------+----------+-------------------------------------------
     0 | D:1      | Mickster the Demigod Fighter began the quest for the Orb.
     0 | D:1      | Reached XP level 1. HP: 18/18 MP: 3/3
   264 | D:1      | Reached XP level 2. HP: 21/26 MP: 4/4
   510 | D:2      | Reached skill level 2 in Axes
   742 | D:2      | Reached XP level 3. HP: 31/31 MP: 5/5
   992 | D:3      | Reached XP level 4. HP: 38/38 MP: 6/6
  1002 | D:3      | Reached skill level 3 in Axes
  1633 | D:4      | Noticed a black bear
  1641 | D:4      | Killed a black bear
  1642 | D:4      | Reached XP level 5. HP: 41/45 MP: 7/7
  2001 | D:5      | Entered Level 5 of the Dungeon
  2036 | D:5      | Reached skill level 4 in Axes
  2036 | D:5      | Reached skill level 1 in Dodging
  2064 | D:5      | Noticed a centaur
  2079 | D:5      | Killed a centaur
  2080 | D:5      | Reached XP level 6. HP: 35/52 MP: 8/8
  2523 | D:5      | Reached skill level 5 in Axes
  2523 | D:5      | Reached skill level 1 in Throwing
  2523 | D:5      | Reached XP level 7. HP: 33/58 MP: 9/9
  2781 | D:5      | Noticed Eustachio
  2781 | D:5      | Noticed Edmund
  2799 | D:5      | Killed Edmund
  2831 | D:5      | Killed Eustachio
  3115 | D:5      | Identified a scroll of acquirement
  3115 | D:5      | Acquired a +5 heavy broad axe
  3305 | D:6      | Reached skill level 6 in Axes
  3308 | D:6      | Slain by a wight

Illustrated notes

Levels and vault maps discovered:
D:1:      giann_forest_graveyard, layout_loops_ring,
          ebering_ecumenical_altar_abandoned
D:2:      layout_rooms
D:3:      layout_rooms, mainiacjoe_overflow_tiny_flanked,
          chequers_serial_rivers_micro_d, kennysheep_generic_room_12
D:4:      layout_basic
D:5:      layout_rooms, lemuel_temple_firewalk_b, kb_lookout_dungeons_type,
          uniq_eustachio, uniq_edmund
D:6:      layout_loops_ring, nicolae_uskayaw_murder_on_the_dancefloor,
          chequers_serial_rivers_small_b

Skill      XL: |  1  2  3  4  5  6  7 |
---------------+----------------------+-----
Fighting       | 3 4 |  4.5
Shields        | 3 4 |  4.1
Axes           | 2 3 4 5 6 |  6.0
Armour         | 3 |  3.7
Dodging        | 1 2 |  2.4
Throwing       | 1 |  1.6
Stealth        | |  0.3

Action                     |  1- 3 |  4- 6 |  7- 9 || total
---------------------------+-------+-------+-------++-------
  Melee: War axe           |   100 |   168 |    30 ||   298
         Broad axe         |       |       |     6 ||     6
    Use: Potion            |     8 |       |     6 ||    14
         Scroll            |     6 |     3 |     1 ||    10
   Stab: Invisible         |       |       |     1 ||     1
 Armour: Scale mail        |    56 |     6 |       ||    62
         Chain mail        |       |    62 |    35 ||    97
  Dodge: Dodged            |    62 |    43 |    28 ||   133
  Block: Buckler           |    29 |    81 |    40 ||   150
         Reflection        |       |     4 |       ||     4

Table legend: (Time is in decaauts)
 A = Elapsed time spent in this place.
 B = Non-inter-level travel time spent in this place.
 C = Inter-level travel time spent in this place.
 D = Time resting spent in this place.
 E = Time spent auto-exploring this place.
 F = Levels seen in this place.
 G = Mean time per level.
                   A        B        C        D        E       F      G
               +--------+--------+--------+--------+--------+-----+--------+
         Total |   3431 |   3342 |     89 |    614 |      0 |   6 |  571.8 |
       Dungeon |   3431 |   3342 |     89 |    614 |      0 |   6 |  571.8 |
               +--------+--------+--------+--------+--------+-----+--------+

Top non-repeatable levels by time:
     D:5: 1312 daAuts
     D:3: 592 daAuts
     D:2: 580 daAuts
     D:4: 525 daAuts
     D:1: 394 daAuts
     D:6: 27 daAuts
